 Dungeon Crawl Stone Soup version 0.31-a0-859-g9dce7d3444 (webtiles) character file.

Game seed: 6922580371740756271

151 BinkBink the Ducker (level 5, 0/28 HPs)
             Began as a Spriggan Monk on Oct 10, 2023.
             Was a Believer of Qazlal.
             Slain by an orc
             ... wielding a +0 club
              (3 damage)
             ... on level 3 of the Dungeon.
             The game lasted 00:04:22 (2081 turns).

BinkBink the Ducker (Spriggan Monk)                 Turns: 2081, Time: 00:04:23

Health: 0/28       AC:  2    Str:  7    XL:     5   Next: 10%
Magic:  6/6        EV: 20    Int: 11    God:    Qazlal [**....]
Gold:   66         SH:  2    Dex: 20    Spells: 4/4 levels left

rFire   . . .        a - +0 short sword
rCold   . . .        d - orb {light}
rNeg    . . .        b - +0 robe
rPois   .            (helmet restricted)
rElec   .            (no cloak)
rCorr   +            (gloves unavailable)
SInv    +            (boots unavailable)
Will    .....        (no amulet)
Stlth   +            e - ring of flight
HPRegen 0.24/turn    k - ring of resist corrosion
MPRegen 0.10/turn

%: no passive effects
@: flying, glowing, very quick
A: very small, no large weapons, unfitting armour, see invisible, speed 3
a: Renounce Religion, Upheaval


You were on level 3 of the Dungeon.
You worshipped Qazlal.
Qazlal was pleased with you.
You visited 1 branch of the dungeon, and saw 3 of its levels.

You collected 66 gold pieces.

Inventory:

Hand Weapons
 a - a +0 short sword (weapon)
Armour
 b - a +0 robe (worn)
 d - an orb of light (worn)
Jewellery
 e - a ring of flight (left hand)
 k - a ring of resist corrosion (right hand)
 q - a ring of protection from fire
Scrolls
 f - 2 scrolls of noise
 h - a scroll of identify
 i - a scroll of enchant armour {unknown}
 j - 2 scrolls of fear
 l - a scroll of summoning {unknown}
 m - a scroll of amnesia {unknown}
 o - a scroll of revelation {unknown}
 p - a scroll of vulnerability {unknown}
Potions
 c - a potion of ambrosia
 g - 3 potions of curing {unknown}
 n - a potion of enlightenment {unknown}
 r - a potion of lignification {unknown}


   Skills:
 + Level 3.4 Fighting
 + Level 4.5 Short Blades
 + Level 5.4 Dodging


You had 4 spell levels left.
You didn't know any spells.
Your spell library was empty.

Dungeon Overview and Level Annotations

Branches:
Dungeon (3/15)

Altars:
Qazlal

Annotations:
D:2 1 runed translucent door, Crazy Yiuf


Innate Abilities, Weirdness & Mutations

You are very small and have problems with some larger weapons.
You are too small for most types of armour.
You have supernaturally acute eyesight. (SInv)
You cover ground extremely quickly. (Speed+++)


Message History

The orc wizard barely misses you.
You hit the orc wizard.
The orc wizard is almost dead.
The orc wizard gestures at you while chanting.
The puff of flame misses you.
You hit the orc wizard but do no damage.
The orc wizard is almost dead.
You barely miss the orc wizard.
The orc wizard is almost dead.
The orc wizard points at you and mumbles some strange words.
The magic dart hits you!
You hit the orc wizard.
The orc wizard is almost dead.
The orc wizard gestures at you while chanting.
The magic dart hits you.
You hit the orc wizard.
You kill the orc wizard!
Qazlal accepts your kill.
You have reached level 5!
You feel agile.
You hit the goblin.
You kill the goblin!
Qazlal accepts your kill. The orc closely misses you.
Items here: ))) [ †.
You hit the orc.
The orc is severely wounded.
The orc barely misses you.
You barely miss the orc.
The orc is severely wounded.
You hit the orc but do no damage.
The orc is severely wounded.
The orc hits you with a +0 club.
* * * LOW HITPOINT WARNING * * *
You hit the orc but do no damage.
The orc is severely wounded.
The orc hits you with a +0 club.
* * * LOW HITPOINT WARNING * * *
The orc attacks as it pursues you! The orc hits you with a +0 club.
You die...

#......#...<......##
........#..........#
.####...#..........#
...######..#....#
######.....#####...
##...##### ### #..#.#
####.##.##
##)o@##...##
#..###.....##
........###.......###
........#....._..†..#
.....##...#.......#.#
..... ######.....##.#
.... ##...##..######.
... ##.##........S.
... #.......######


You could see an orc.

Vanquished Creatures
  An orc wizard (D:3)
  4 adders
  A worm (D:2)
  3 dart slugs (D:2)
  3 orcs (D:3)
  7 ball pythons
  7 endoplasms
  9 goblins
  12 hobgoblins
  6 jackals (D:1)
  A quokka (D:3)
  4 bats
  3 frilled lizards
  8 kobolds
  4 rats
73 creatures vanquished.

Notes
Turn   | Place    | Note
-------+----------+-------------------------------------------
     0 | D:1      | BinkBink the Spriggan Monk began the quest for the Orb.
     0 | D:1      | Reached XP level 1. HP: 11/11 MP: 2/2
   129 | D:1      | Reached XP level 2. HP: 16/16 MP: 3/3
   517 | D:1      | Reached XP level 3. HP: 16/19 MP: 4/4
  1093 | D:2      | Reached skill level 5 in Dodging
  1254 | D:2      | Reached XP level 4. HP: 24/24 MP: 5/5
  1516 | D:2      | Found a runed translucent door.
  1517 | D:2      | Noticed Crazy Yiuf
  1942 | D:3      | Found a stormy altar of Qazlal.
  1974 | D:3      | Became a worshipper of Qazlal Stormbringer
  1974 | D:3      | Reached * piety under Qazlal
  1974 | D:3      | Reached ** piety under Qazlal
  2075 | D:3      | Reached XP level 5. HP: 10/28 MP: 6/6
  2081 | D:3      | Slain by an orc

Illustrated notes

Levels and vault maps discovered:
D:1:      dpeg_arrival_lava_temple_mockup, layout_rooms, serial_forest,
          infiniplex_forest_clump_C, infiniplex_forest_straight_2,
          infiniplex_forest_fountain, infiniplex_forest_lined_room_3,
          infiniplex_forest_clump_tiny, infiniplex_forest_clump_large,
          infiniplex_forest_fountain, infiniplex_forest_end_3
D:2:      minmay_diamond_boxcup, layout_rooms, minmay_mini_jars,
          uniq_crazy_yiuf_cottage
D:3:      layout_rooms, lemuel_round_altar

Skill      XL: |  1  2  3 |
---------------+----------+-----
Fighting       | 3 |  3.4
Short Blades   | 4 |  4.5
Dodging        | 5 |  5.4

Action                     |  1- 3 |  4- 6 || total
---------------------------+-------+-------++-------
  Melee: Short sword       |   172 |   140 ||   312
    Use: Scroll            |       |     2 ||     2
   Stab: Sleeping          |     2 |       ||     2
 Armour: Robe              |    27 |    31 ||    58
  Dodge: Dodged            |    90 |   105 ||   195
  Block: Orb               |       |     5 ||     5

Table legend: (Time is in decaauts)
 A = Elapsed time spent in this place.
 B = Non-inter-level travel time spent in this place.
 C = Inter-level travel time spent in this place.
 D = Time resting spent in this place.
 E = Time spent auto-exploring this place.
 F = Levels seen in this place.
 G = Mean time per level.
                   A        B        C        D        E       F      G
               +--------+--------+--------+--------+--------+-----+--------+
         Total |   1439 |   1380 |     59 |    112 |    787 |   3 |  479.7 |
       Dungeon |   1439 |   1380 |     59 |    112 |    787 |   3 |  479.7 |
               +--------+--------+--------+--------+--------+-----+--------+

Top non-repeatable levels by time:
     D:1: 696 daAuts
     D:2: 599 daAuts
     D:3: 143 daAuts
